Cogmind - Beta 14 @@@ ROGUE MODE // 2025.01.18 @ 16:33:38 Player: Clong Result: Destroyed by S-10 Pest with Light Assault Rifle Performance ------------- Evolutions (1) 500 Regions Visited (2) 400 Robots Destroyed (35) 175 Value Destroyed (698) 698 Prototype IDs (1) 20 Alien Tech Used (0) 0 Bonus (20) 20 TOTAL SCORE: 1813 Bonus ------- High Alert Combat Kills 20 Cogmind --------- Core Integrity 0/400 Matter 50/300 Energy 100/100 System Corruption 3% Temperature Cool (0) Movement Core (100) Ox1 Location -9/Materials Parts ------- > --- POWER (1) -------- (None) > --- PROPULSION (2) --- (None) > --- UTILITY (2) ------ (None) > --- WEAPON (4) ------- Improved EM Shotgun Mini Grenade Launcher (fused) > --- INVENTORY (5) ---- Ion Engine Cooled Ion Engine Light Treads Improved EM Shotgun Peak State ------------ > --- POWER ------------ (None) > --- PROPULSION ------- Light Treads Light Treads > --- UTILITY ---------- Structural Scanner Backup Plating I > --- WEAPON ----------- Mini Grenade Launcher Mini Grenade Launcher Mini Grenade Launcher Mini Grenade Launcher > --- INVENTORY -------- Ion Engine Autogun Autogun [Rating: 12] Favorites ----------- Power Backup Power I Engine Backup Power I Propulsion Light Treads Treads Light Treads Utility Backup Plating I Device Structural Scanner Protection Backup Plating I Weapon Mini Grenade Launcher Energy Gun EM Pulse Gun Ballistic Gun Autogun Ballistic Cannon Light Cannon Launcher Mini Grenade Launcher Build | -11 -10 -9 ------- Run | Yrd Mat Mat Slots Evolved 2 | . . 2 Power . | . . . Propulsion . | . . . Utility . | . . . Weapon 2 | . . 2 Parts Attached 25 | 4 4 17 Power 2 | . . 2 Engine 2 | . . 2 Core . | . . . Reactor . | . . . Propulsion 5 | 2 . 3 Treads 5 | 2 . 3 Leg . | . . . Wheel . | . . . Hover . | . . . Flight . | . . . Utility 1 | . 1 . Device 1 | . 1 . Storage . | . . . Processor . | . . . Hackware . | . . . Protection . | . . . Artifact . | . . . Weapon 17 | 2 3 12 Energy Gun 3 | 1 1 1 Energy Cannon . | . . . Ballistic Gun 5 | 1 . 4 Ballistic Cannon 1 | . . 1 Launcher 8 | . 2 6 Special Weapon . | . . . Impact Weapon . | . . . Slashing Weapon . | . . . Piercing Weapon . | . . . Special Melee Weapon . | . . . Unidentified Prototypes 1 | . . 1 Parts Lost 17 | . 1 16 Power 2 | . 1 1 Propulsion 5 | . . 5 Utility 2 | . . 2 Weapon 8 | . . 8 Highest Loss Streak 6 | . 1 6 To Critical Strikes . | . . . Average Slot Usage (%) 71 | . 92 58 Engine 5 | . 9 2 Treads 20 | . 28 15 Device 6 | . 8 5 Protection 7 | . 17 . Energy Gun 5 | . 12 . Ballistic Gun 11 | . 12 9 Ballistic Cannon 1 | . . 2 Launcher 14 | . 2 21 Peak Build Rating 12 | 4 8 12 Average Rating 7 | 3 6 8 On Entrance 4 | . 4 8 Naked Turns . | . . . Heaviest Build 10 | 4 8 10 Greatest Support 46 | 40 40 46 Greatest Overweight (x) 2 | . . 2 Average Overweight (x) . | . . . Largest Inventory Capacity 5 | 5 5 5 Average Capacity 5 | 5 5 5 Most Carried 5 | 5 5 5 Average Carried 3 | 3 4 3 Final Capacity 5 | 5 5 5 Final Carried 5 | 4 5 4 Class Distribution -------------------- 55% | Mutant 21% | Skirmisher 19% | Bomber 4% | Tank Dominant Class ---------------- Mutant | -10/Materials Skirmisher | -9/Materials Resources | -11 -10 -9 ----------- Run | Yrd Mat Mat Matter Collected 576 | 240 54 282 Remotely . | . . . Salvage Created 741 | . 179 562 Parts 57 | . 12 45 Haulers Intercepted 1 | . . 1 Recyclers Shooed . | . . . Parts Field Recycled . | . . . Retrieved Matter . | . . . Parts Self-Destructed . | . . . Prevented . | . . . Kills | -11 -10 -9 ------- Run | Yrd Mat Mat Combat Hostiles Destroyed 21 | . 6 15 Guns 9 | . 6 3 AOE 12 | . . 12 Classes Destroyed 9 | . 2 7 Worker 3 | . . 3 Builder 4 | . . 4 Hauler 1 | . . 1 Recycler 3 | . . 3 Operator 1 | . . 1 Watcher 2 | . . 2 Swarmer 8 | . 3 5 Grunt 11 | . 3 8 Sentry 2 | . . 2 Best Kill Streak 6 | . 3 6 Combat Bots Only 5 | . 3 5 Max Kills in Single Turn 5 | . 1 5 Gunslinging . | . . . Exploded 5 | . . 5 Melee . | . . . Uniques/NPCs Destroyed . | . . . Combat | -11 -10 -9 -------- Run | Yrd Mat Mat Hostile Shots Fired 215 | . 30 185 Missed 60 | . 6 54 Damage Taken 2049 | . 286 1763 Core 451 | . 50 401 Absorbed by Shields . | . . . Core Remaining (%) 90 | 100 80 . Volleys Fired 39 | . 14 25 Largest 4 | . 2 4 Hottest 120 | . 85 120 Shots Fired 95 | . 28 67 Gun 51 | . 28 23 Cannon 1 | . . 1 Launcher 43 | . . 43 Special . | . . . Kinetic 35 | . 14 21 Thermal 7 | . 7 . Explosive 43 | . . 43 Electromagnetic 10 | . 7 3 Robot Hit Streak 9 | . 9 9 Robot Miss Streak 2 | . 2 2 Penetration Max . | . . . Secondary Targets . | . . . Shots Hit Robots 32 | . 16 16 Core Hits 59 | . 10 49 Critical Kills . | . . . Critical Parts Destroyed . | . . . Critical Strikes . | . . . Melee Attacks . | . . . Impact . | . . . Slashing . | . . . Piercing . | . . . Sneak Attacks . | . . . Combat Hostiles . | . . . Follow-up Attacks . | . . . Damage Inflicted 2093 | . 279 1814 Guns 381 | . 225 156 Cannons . | . . . Explosions 1672 | . 43 1629 Melee . | . . . Ramming 40 | . 11 29 Kinetic 204 | . 77 127 Thermal 127 | . 127 . Explosive 1629 | . . 1629 Electromagnetic 93 | . 64 29 Impact . | . . . Slashing . | . . . Piercing . | . . . Highest Corruption 3 | . . 3 Average Corruption 3 | . . 3 Corruption Purged . | . . . Corruption Blocked . | . . . Effects 13 | . . 13 Message Errors 4 | . . 4 Matter Fused 3 | . . 3 Heat Flow Errors 1 | . . 1 Energy Discharges 2 | . . 2 Parts Fused 1 | . . 1 Data Loss (minor) 1 | . . 1 Data Loss (major) 1 | . . 1 Overload Shots . | . . . Overflow Damage 100 | . . 100 Projectiles . | . . . Explosions 100 | . . 100 Melee . | . . . Knockbacks . | . . . Impact . | . . . Kinetic . | . . . Secondary . | . . . Self-Inflicted Damage 241 | . . 241 Shots 9 | . . 9 Rammed 33 | . 4 29 Targets Rammed 34 | . 4 30 Kicked . | . . . Crushed 1 | . . 1 Highest Temperature 288 | . 96 288 Average Temperature 46 | . 33 56 Received Heat Transfer 657 | . 105 552 Siege Activations . | . . . Robots Corrupted . | . . . Combat Hostiles . | . . . Parts Fried . | . . . Impact Corruptions . | . . . Robots Melted . | . . . Combat Hostiles . | . . . Parts Melted 1 | . 1 . Heat Transferred 235 | . 235 . Parts Sabotaged . | . . . Parts Stolen . | . . . Parts Stripped . | . . . Power Chain Reactions 1 | . 1 . Alert | -11 -10 -9 ------- Run | Yrd Mat Mat Peak Influence 540 | . 176 540 Initial . | . . . Average 156 | . 46 250 Maximum Alert Level 2 | . . 2 Low Security (%) 59 | 100 100 26 Level 1 34 | . . 61 Level 2 6 | . . 11 Level 3 . | . . . Level 4 . | . . . Level 5 . | . . . High Security . | . . . Max Security . | . . . Squads Dispatched 8 | . 2 6 Investigation 1 | . . 1 Extermination . | . . . Reinforcement 7 | . 2 5 Assault . | . . . Garrison . | . . . Intercept . | . . . Searches Triggered . | . . . Construction Impeded 3 | . . 3 Haulers Reinforced . | . . . Active Scanning Responses . | . . . Cargo Convoy Interrupts . | . . . Stealth | -11 -10 -9 --------- Run | Yrd Mat Mat Distress Signals 1 | . . 1 Communications Jammed . | . . . Distress Signals . | . . . Times Spotted 34 | . 10 24 Peak Tracking Total 5 | . 3 5 Tactical Retreats 3 | . 1 2 Traps | -11 -10 -9 ------- Run | Yrd Mat Mat Traps Triggered . | . . . Indirectly . | . . . Trap Hack Attempts . | . . . Triggered . | . . . Disarmed . | . . . Reprogrammed . | . . . Reused . | . . . Traps Extracted . | . . . Installed . | . . . Triggered . | . . . Machines | -11 -10 -9 ---------- Run | Yrd Mat Mat Machines Disabled 5 | . . 5 Max in Single Turn 1 | . . 1 Machines Repaired . | . . . Machines Dismantled . | . . . Machines Sabotaged . | . . . Overloaded Fab Kills . | . . . Hacking | -11 -10 -9 --------- Run | Yrd Mat Mat Machines Accessed 3 | . 2 1 Terminals 2 | . 1 1 Fabricators . | . . . Repair Stations 1 | . 1 . Recycling Units . | . . . Scanalyzers . | . . . Garrison Access . | . . . Total Hacks 10 | . 6 4 Successful 4 | . 2 2 Failed 6 | . 4 2 Catastrophic 1 | . . 1 Database Lockouts . | . . . Manual . | . . . Terminals 7 | . 3 4 Fabricators . | . . . Repair Stations 3 | . 3 . Recycling Units . | . . . Scanalyzers . | . . . Garrison Access . | . . . Terminal Hacks 3 | . 1 2 Patrol Status 1 | . . 1 Transport Status 1 | . . 1 Registered Components 1 | . 1 . Fabricator Hacks . | . . . Repair Station Hacks 1 | . 1 . Refit 1 | . 1 . Recycling Unit Hacks . | . . . Scanalyzer . | . . . Garrison Access Hacks . | . . . Unauthorized Hacks . | . . . Terminals . | . . . Fabricators . | . . . Repair Stations . | . . . Recycling Units . | . . . Scanalyzers . | . . . Garrison Access . | . . . Data Cores Recovered . | . . . Used . | . . . Hacking Detections 3 | . 2 1 Full Trace Events 1 | . . 1 Feedback Events . | . . . Feedback Blocked . | . . . Robot Schematics Acquired . | . . . Robots Built . | . . . Authchips . | . . . Time . | . . . Total Robot Build Rating . | . . . Part Schematics Acquired . | . . . Parts Built . | . . . Authchips . | . . . Time . | . . . Total Part Build Rating . | . . . Parts Repaired . | . . . Time . | . . . Parts Recycled . | . . . Recycled Matter . | . . . Retrieved Matter . | . . . Retrieved Components . | . . . Parts Scanalyzed . | . . . Part Schematics Acquired . | . . . Parts Damaged . | . . . Bothacking | -11 -10 -9 ------------ Run | Yrd Mat Mat Used RIF Installer . | . . . Robots Hacked . | . . . Non-combat . | . . . Combat . | . . . Robot Hacks Applied . | . . . Relay Couplers Released . | . . . Fabnet Peak Effective % . | . . . Robots Rewired . | . . . Allies Hacked . | . . . Hacks Repelled . | . . . Allies | -11 -10 -9 -------- Run | Yrd Mat Mat Total Allies . | . . . Largest Group . | . . . Highest-Rated Group . | . . . Highest-Rated Ally . | . . . Total Orders . | . . . Ally Attacks . | . . . Total Damage . | . . . Kills . | . . . Allies Corrupted . | . . . Allies Melted . | . . . Intel | -11 -10 -9 ------- Run | Yrd Mat Mat Robot Analysis Total . | . . . Derelict Logs Recovered . | . . . Drone Launches . | . . . Drone Recoveries . | . . . Exploration | -11 -10 -9 ------------- Run | Yrd Mat Mat Turns Passed 1219 | 98 441 680 Spaces Moved 643 | 65 233 345 Core 65 | 16 . 49 Treads 578 | 49 233 296 Legs . | . . . Wheels . | . . . Hover . | . . . Flight . | . . . Fastest Speed 50 | 50 160 50 Average Speed 152 | 132 160 150 Slowest Speed 160 | 160 160 160 Overloaded Moves . | . . . Propulsion Burnouts . | . . . Robots Hopped . | . . . Cave-ins Triggered 1 | . . 1 Exploration Rate (%) 17 | 4 22 25 Regions Visited 2 Branch Regions . Pre-discovered Areas . | . . . Known Exits Taken . | . . . Unknown Exits Taken 2 | 1 1 . Scrap Searched . | . . . Spaces Dug . | . . . Terrain Destroyed 287 | . 10 277 Melee . | . . . Projectile . | . . . AOE 287 | . 10 277 Terrain Rammed . | . . . Walls Destroyed . | . . . Machines Disabled . | . . . Actions | -11 -10 -9 --------- Run | Yrd Mat Mat Total 796 | 77 275 444 Wait 1 | 1 . . Move 641 | 64 232 345 Hop . | . . . Pick Up 36 | 8 11 17 Fast Attach . | . . . Attach 23 | 4 2 17 Detach 4 | . . 4 Swap 2 | . 2 . Drop 16 | . 10 6 Fire 39 | . 14 25 Melee . | . . . Ram . | . . . Kick . | . . . Crush 34 | . 4 30 Escape Stasis . | . . . Rewire . | . . . Trap . | . . . Miscellaneous . | . . . Route ------- -11/Scrapyard -10/Materials -9/Materials (discovered 1 exit: [*Min]) History --------- Turn | Location | Event 6 | -11/Scrapyard | Discovered new exit (range 15) 99 | -11/Scrapyard | Entered Materials 301 | -10/Materials | Build established: Mutant 453 | -10/Materials | Discovered new exit (range 16) 540 | -10/Materials | Entered another Materials area 540 | -9/Materials | Evolved 2 slots: Weapon x2 591 | -9/Materials | Crushed by falling debris 880 | -9/Materials | Core integrity fell below 50% 910 | -9/Materials | Lost 6 parts (1n1u4w) 1185 | -9/Materials | Core integrity fell below 20% 1201 | -9/Materials | Discovered new exit (range 10) 1211 | -9/Materials | Lost 5 parts (1p2n2w) 1220 | -9/Materials | Destroyed by S-10 Pest with Light Assault Rifle Last Messages --------------- 01207_ The unstable cave ceiling collapses. 01207_ Acquired Ion Engine. 01208_ K-01 Serf collects debris. 01209_ The unstable cave ceiling collapses. 01211_ Acquired Lgt. Treads. 01211_ U-05 Engineer builds a Wall. 01212_ K-01 Serf collects debris. 01215_ Dropped Ion Engine. 01215_ U-05 Engineer lays Concrete. 01216_ K-01 Serf collects debris. 01218_ The unstable cave ceiling collapses. 01218_ K-01 Serf collects debris. 01218_ U-05 Engineer builds a Wall. 01218_ U-05 Engineer lays Concrete. 01219_ Lgt. Assault Rifle destroyed. 01219_ Acquired Prototype Engine. 01219_ U-05 Engineer builds a Wall. 01219_ R-06 Scavenger collects Med. Storage Unit. 01220_ Dropped Lgt. Ion Engine. Map ----- +----------------------------------------------------+ | ???????+############ # ##??????????????##### | | ?????# ##??????????????????? | | ?????# ##??????????????????? | | ?? / ##??????????????????? | | ? ######## """ ##??????????????????? | | ??????????# """""" ######??????????????????? | | ??????????# """ """ ## ??????????????????? | | ??????????# #? """ #????????????????? | | ??????????# #? """ #????????????????? | | ??????????# """"" #? """ #????????????????? | | ??????????# """"""""" ## #????????????????? | | ??????????# """ """ # """ #????????????????? | | ???????? + + """ #????????????????? | | ??????????# # """ #????????????????? | | ??????????# # #????????????????? | | ??????????####### # #????????????????? | | ????????????????# *%=# #????????????????? | | ????????????????# =k# #????????????????? | | ????????????????# # #%#/# ######?????????????? | | ?????????????#### #!#uto ^^ ??????? | | ??????????????" #u ### ??????? | | ?????????????#"" # #???? ||???????? | | ?????????????#|| # ##??? ||???????? | | ??????????????"" < # #r ##?" | ??????? | | ?????????????????????# s *% * !# ??????? | | ?????????????????????# s @**!= =# #?????? | | ?????????????????????# Y ???????? | | ?????????????????????# + ??????? | | ?????????????????????# k # ???????? | | ?????????????????????## " #?###### ????????? | | ??????????????????????# """ #????????????????? | | ??????????????????????# #????????????????? | | ??????????????????????######## ##????????????????? | | ??????????????????????????????##?????????????????? | | ?????????????????????????????????????????????????? | | ?????????????????????????????????????????????????? | | ?????????????????????????????????????????????????? | | ?????????????????????????????????????????????????? | | ?????????????????????????????????????????????????? | | ?????????????????????????????????????????????????? | | ?????????????????????????????????????????????????? | | ?????????????????????????????????????????????????? | | ?????????????????????????????????????????????????? | | ?????????????????????????????????????????????????? | | ?????????????????????????????????????????????????? | | ?????????????????????????????????????????????????? | | ?????????????????????????????????????????????????? | | ?????????????????????????????????????????????????? | | ?????????????????????????????????????????????????? | | ?????????????????????????????????????????????????? | +----------------------------------------------------+ Best States ------------- Heat Dissipation 28 Energy Generation 10 Energy Capacity 250 Matter Stores 300 Matter Capacity 300 Sight Range 16 Terrain Scan Density 10 Armor Coverage 160 Evasion (%) 50 Recoil Reduction 2 Item Schematics ----------------- None Robot Schematics ------------------ None Fabricated ------------ Nothing Alien Tech Used ----------------- None Achievements -------------- Quick And Dirty Remodeling Challenges ------------ None Game ------ Seed TacticalDynamicShovel Manual? 0 Play Time 00:12:16 Cumulative 2.5 hours Start 2025.01.18 @ 16:21:49 End 2025.01.18 @ 16:33:38 Sessions 1 Manual Loads 0 Difficulty Rogue Special Mode None Game No. 9 Rogue 9 Adventurer 0 Explorer 0 Win Type - Total 0 Types 0/0/0/0/0/0/0/0/0 Lore% 0 Gallery% 7 Achievement% 8 Wizard Run 0 Options --------- Layout 1 ASCII 0 Keyboard 0 Movement Arrows Keybinds 0 Fullscreen 2 Font 24/Smallcaps Map View 50x35 Zoom Use 0% Tactical HUD 1 Map Filters NONE Filters NONE Steam 1 RUN: 6efe46fc-3ada-4ebb-9989-2a3674443a7a